 Dungeon Crawl Stone Soup version 0.24.0-41-g2ae2f7f1be (webtiles) character file.

Game seed: 11225736989362863597, levelgen mode: deterministic

329 Jannitor the Digger (level 6, -4/42 HPs)
             Began as an Octopode Earth Elementalist on Dec 11, 2019.
             Slain by an ogre
             ... wielding a +0 giant club
              (28 damage)
             ... on level 4 of the Dungeon.
             The game lasted 00:07:13 (4391 turns).

Jannitor the Digger (Octopode Earth Elementalist)   Turns: 4391, Time: 00:07:13

Health: -4/42      AC:  1    Str:  7    XL:     6   Next: 51%
Magic:  9/11       EV: 14    Int: 18    God:
Gold:   192        SH:  0    Dex: 18    Spells: 11/12 levels left

rFire    . . .     SeeInvis .   a - +0 spear
rCold    . . .     Gourm    .   (no shield)
rNeg     . . .     Faith    .   (helmet restricted)
rPois    .         Spirit   .   (no amulet)
rElec    .         Reflect  .   g - +4 ring of dexterity
rCorr    .         Harm     .   (no ring)
MR       .....                  (no ring)
Stlth    +++.......             (no ring)
HPRegen  0.14/turn              (no ring)
MPRegen  0.12/turn              (no ring)
                                (no ring)
                                (no ring)

@: no status effects
A: almost no armour, stealthy swim, amphibious, 8 rings, constrict 8, camouflage
1, gelatinous body 1
a: no special abilities


You were on level 4 of the Dungeon.
You were not hungry.

You visited 1 branch of the dungeon, and saw 4 of its levels.

You collected 192 gold pieces.

Inventory:

Hand Weapons
 a - a +0 spear (weapon)
Missiles
 b - 81 stones (quivered)
 p - 7 curare-tipped darts
Jewellery
 g - a +4 ring of dexterity (left tentacle)
 m - an uncursed ring of ice
Scrolls
 e - a scroll of remove curse
 h - 4 scrolls of identify {unknown}
 j - a scroll of enchant weapon {unknown}
 l - 3 scrolls of teleportation {unknown}
 n - 3 scrolls of magic mapping {unknown}
 o - a scroll of enchant armour {unknown}
 q - 2 scrolls of blinking {unknown}
 r - 3 scrolls of amnesia {unknown}
 v - a scroll of random uselessness {unknown}
 w - a scroll of noise {unknown}
Potions
 d - a potion of haste {unknown}
 f - a potion of brilliance {unknown}
 i - a potion of heal wounds
 k - a potion of degeneration {unknown}
 s - a potion of curing
 t - 2 potions of flight {unknown}
Comestibles
 c - 7 rations
 u - 2 chunks of flesh


   Skills:
 + Level 3.4 Fighting
 - Level 2.0 Dodging
 - Level 2.6 Stealth
 + Level 3.9 Spellcasting
   Level 1.0 Transmutations
 + Level 4.7 Earth Magic


You had 11 spell levels left.
You knew the following spells:

 Your Spells              Type           Power        Failure   Level  Hunger
a - Sandblast             Erth           ###...       2%          1    None

Your spell library contained the following spells:

 Spells                   Type           Power        Failure   Level  Hunger
 Passwall                 Tmut/Erth      ##......     7%          2    ##.....
 Stone Arrow              Conj/Erth      ##....       17%         3    ###....
 Petrify                  Tmut/Erth      ##......     41%         4    ####...
 Lee's Rapid Deconstruct  Erth           ###.......   52%         5    ######.


Dungeon Overview and Level Annotations

Branches:
Dungeon (4/15)
 Temple: D:4-7

Altars:
Trog

Shops:
D:4 :


Innate Abilities, Weirdness & Mutations

You cannot wear most types of armour.
You are very stealthy in the water. (Stealth+)
You are amphibious.
You can wear up to eight rings at the same time.
You can use your tentacles to constrict eight enemies at once.
Your skin changes colour to match your surroundings (Stealth+).
Your rubbery body absorbs attacks. (AC +1, EV +1)


Message History

The ogre hits you with a +0 giant club!
Casting: Sandblast (safe; 2% risk of failure)
Confirm with . or Enter, or press ? or * to list all spells.
Aiming: Sandblast (safe; 2% risk of failure)
Press: ? - help, Shift-Dir - straight line, f - ogre
Aim: an ogre, wielding a +0 giant club (moderately wounded)
The blast of sand hits the ogre!
The ogre is severely wounded.
b - 82 stones
Casting: Sandblast (safe; 2% risk of failure)
Confirm with . or Enter, or press ? or * to list all spells.
Aiming: Sandblast (safe; 2% risk of failure)
Press: ? - help, Shift-Dir - straight line, f/p - ogre
Aim: an ogre, wielding a +0 giant club (severely wounded)
The blast of sand hits the ogre!
The ogre is almost dead.
b - 81 stones The ogre hits you with a +0 giant club!!
Ouch! That really hurt!
You die...

♣♣..♣P♣#..
♣♣..♣♣♣##.#
♣♣P..♣ #.#
.#####♣...♣♣
#.#
......P..P♣
..#
#####♣.P♣♣
#.#####..
#.##
#%.s.s...
#.########.#
#..@Os.....#
#...#######.#
#.... .#..
#...## # ###
#####


You could see an ogre and a giant cockroach.

Vanquished Creatures
  A hound (D:4)
  An orc priest (D:3)
  Jessica (D:2)
  Natasha (D:2)
  An orc wizard (D:3)
  A worker ant (D:4)
  A worker ant zombie (D:2)
  Robin (D:3)
  A howler monkey skeleton (D:2)
  A gnoll (D:1)
  3 adders
  2 oozes
  3 worms (D:3)
  A dart slug (D:2)
  4 leopard geckos
  4 orcs
  5 giant cockroaches
  11 goblins
  5 hobgoblins
  4 jackals (D:3)
  8 kobolds
  2 quokkas (D:4)
  7 bats
  5 frilled lizards
  11 rats
85 creatures vanquished.

Vanquished Creatures (others)
  A wizard (D:3)
1 creature vanquished.

Grand Total: 86 creatures vanquished

Notes
Turn   | Place    | Note
-------+----------+-------------------------------------------
     0 | D:1      | Jannitor the Octopode Earth Elementalist began the quest
                  | for the Orb.
     0 | D:1      | Reached XP level 1. HP: 11/11 MP: 3/3
   230 | D:1      | Reached XP level 2. HP: 18/18 MP: 5/5
   265 | D:1      | Reached skill level 1 in Fighting
   560 | D:1      | Reached XP level 3. HP: 6/23 MP: 3/6
  1493 | D:2      | Noticed Jessica
  1512 | D:2      | Killed Jessica
  1512 | D:2      | Reached XP level 4. HP: 23/29 MP: 6/8
  2115 | D:2      | Reached skill level 4 in Earth Magic
  2115 | D:2      | Reached XP level 5. HP: 30/35 MP: 9/9
  2285 | D:2      | Noticed Natasha
  2297 | D:2      | Killed Natasha
  2996 | D:3      | Found a bloodstained altar of Trog.
  2997 | D:3      | Noticed a wizard
  2999 | D:3      | Noticed Robin
  3002 | D:3      | Killed a wizard
  3006 | D:3      | Reached XP level 6. HP: 38/42 MP: 11/11
  3025 | D:3      | Killed Robin
  3992 | D:4      | Found Forghyuvu's Book Emporium.
  4391 | D:4      | Slain by an ogre

Levels and vault maps discovered:
D:1:      eino_arrival_druids_welcome, layout_basic
D:2:      layout_loops_cross, uniq_jessica, uniq_natasha
D:3:      layout_basic, trog_wizard, uniq_robin
D:4:      layout_loops_ring, serial_forest, infiniplex_forest_end_3,
          infiniplex_forest_diagonal, infiniplex_forest_clump_curved,
          infiniplex_forest_straight_2, infiniplex_forest_end_2,
          infiniplex_forest_lined_3, serial_shops, shop, first_ration

Skill      XL: |  1  2  3  4  5 |
---------------+----------------+-----
Fighting       | 1 2 3 |  3.4
Spellcasting   | 3 |  3.9
Earth Magic    | 4 |  4.7
Dodging        | |  2.0
Stealth        | |  2.6
Transmutations | |  1.0

Action                   |  1- 3 |  4- 6 || total
-------------------------+-------+-------++-------
Melee: Unarmed           |    11 |       ||    11
       Spear             |    68 |   183 ||   251
       Constrict         |    15 |    38 ||    53
       Tentacles         |    10 |    22 ||    32
 Cast: Sandblast         |     5 |    21 ||    26
  Use: Potion            |     1 |     2 ||     3
       Scroll            |       |     1 ||     1
 Stab: Sleeping          |     6 |    13 ||    19
       Distracted        |       |     1 ||     1
  Eat: Chunk             |     2 |     9 ||    11
Armor: Skin              |    16 |    12 ||    28
Dodge: Dodged            |    65 |    95 ||   160
